 Dungeon Crawl Stone Soup version 0.31-a0-210-gccc998df9b (webtiles) character file.

Game seed: 11001213900862137997

93 qw the Shooter (level 4, 0/36 HPs)
             Began as a Minotaur Hexslinger on June 29, 2023.
             Slain by an orc wizard
             ... wielding a +0 dagger
              (3 damage)
             ... on level 3 of the Dungeon.
             The game lasted 00:00:35 (1653 turns).

qw the Shooter (Minotaur Hexslinger)                Turns: 1653, Time: 00:00:36

Health: 0/36       AC:  3    Str: 12    XL:     4   Next: 37%
Magic:  4/4        EV: 12    Int: 10    God:
Gold:   141        SH:  0    Dex: 15    Spells: 4/5 levels left

rFire   . . .        Y - +2 sling
rCold   . . .        (no shield)
rNeg    . . .        b - +0 leather armour
rPois   .            (helmet restricted)
rElec   .            (no cloak)
rCorr   .            (no gloves)
SInv    .            (no boots)
Will    .....        (no amulet)
Stlth   +            (no ring)
HPRegen 0.26/turn    (no ring)
MPRegen 0.09/turn

%: no passive effects
@: no status effects
A: horns 2, retaliatory headbutt
a: no special abilities


You were on level 3 of the Dungeon.
You visited 1 branch of the dungeon, and saw 3 of its levels.

You collected 141 gold pieces.


Innate Abilities, Weirdness & Mutations

You have a pair of horns on your head.
You reflexively headbutt those who attack you in melee.


   Skills:
 - Level 2.0 Fighting
 + Level 4.9 Ranged Weapons
 - Level 2.1 Dodging
 - Level 1.0 Spellcasting
 - Level 2.0 Hexes


You had 4 spell levels left.
You knew the following spells:

 Your Spells              Type           Power      Damage    Failure   Level
a - Slow                  Hex            16%        N/A       19%         1

Your spell library contained the following spells:

 Spells                   Type           Power      Damage    Failure   Level
 Inner Flame              Hex/Fire       2%         N/A       65%         3
 Portal Projectile        Hex/Tloc       4%         N/A       65%         3
 Cause Fear               Hex            2%         N/A       88%         4

Inventory:

Hand Weapons
 Y - a +2 sling (weapon)
Armour
 b - a +0 leather armour (worn)
Potions
 a - a potion of mutation {unknown}
 d - a potion of curing
 e - a potion of enlightenment
 f - a potion of might {unknown}

Dungeon Overview and Level Annotations

Branches:
Dungeon (3/15)

Altars:


Message History

You shoot a sling bullet. The sling bullet hits the orc.
You kill the orc!
The orc priest mumbles some strange prayers to Beogh against you.
Beogh smites you!
You shoot a sling bullet.
The sling bullet barely misses the orc priest.
Something hits you but does no damage.
You shoot a sling bullet. The sling bullet hits the orc priest.
The orc priest is heavily wounded.
You hear some strange, mumbled words.
Something tries to affect you, but you resist.
You shoot a sling bullet. The sling bullet hits the orc priest.
The orc priest is severely wounded.
The orc priest calls down the wrath of Beogh upon you.
Something writhes in agony!
A worm comes into view.
Something hits you but does no damage. The orc priest misses you.
You shoot a sling bullet.
The sling bullet barely misses the orc priest.
The orc priest calls down the wrath of Beogh upon you.
Beogh smites you! Something completely misses you.
You shoot a sling bullet. The sling bullet hits the orc priest!
You kill the orc priest!
Something hits you.
You have reached level 4!
You feel agile.
1648 ||| FLEEEEING.
You shoot a sling bullet. Something hits you.
1649 ||| FLEEEEING.
You shoot a sling bullet. Something hits you.
1650 ||| FLEEEEING.
You shoot a sling bullet. Something barely misses you. Something hits you.
1651 ||| FLEEEEING.
You shoot a sling bullet. Something hits you but does no damage.
You shoot a sling bullet. The sling bullet hits the worm.
The worm is lightly wounded.
Something hits you. The worm closely misses you.
You shoot a sling bullet.
The sling bullet completely misses the worm.
Something hits you.
You die...

...# .# ...# .. .
...##.#.. #........
#.#(# #)....... #.#.#
##)..%.... #.#.#
#.w.......
#######.#.#####{@)......
#.......#...............
#.......#..###.......[..
#.......#..###.[........
#..<.........#.......###
#....###.###)..........
#...## ##......###....##
#..## ##.....# ....#
#..# #.............


You could see a worm.

Vanquished Creatures
  An orc priest (D:3)
  An adder (D:2)
  2 worms (D:2)
  A dart slug (D:1)
  3 orcs (D:3)
  6 ball pythons
  4 endoplasms
  2 giant cockroaches
  3 goblins
  A hobgoblin (D:2)
  4 jackals (D:1)
  7 bats
  5 frilled lizards
  7 rats
47 creatures vanquished.

Notes
Turn   | Place    | Note
-------+----------+-------------------------------------------
     0 | D:1      | qw the Minotaur Hexslinger began the quest for the Orb.
     0 | D:1      | Reached XP level 1. HP: 16/16 MP: 1/1
     0 | D:1      | 0 ||| qw: Version: 0.3-a-24-ga2abf7b
     0 | D:1      | 0 ||| qw: Game counter: 6965
     0 | D:1      | 0 ||| qw: Melee chars always use a shield: true
     0 | D:1      | 0 ||| qw: God list: Okawaru
     0 | D:1      | 0 ||| qw: Allow faded altars: false
     0 | D:1      | 0 ||| qw: Do Orc after clearing Dungeon:15 true
     0 | D:1      | 0 ||| qw: Do second Lair branch before Depths: true
     0 | D:1      | 0 ||| qw: Lair rune preference: random
     0 | D:1      | 0 ||| qw: Goals: Normal
     0 | D:1      | 0 ||| PLANNING D:1-11
    70 | D:1      | 70 ||| FLEEEEING.
   180 | D:1      | Reached skill level 3 in Ranged Weapons
   180 | D:1      | Reached XP level 2. HP: 23/23 MP: 2/2
   809 | D:1      | 809 ||| READING scroll labelled KAGINT MYUN.
   810 | D:1      | 810 ||| DROPPING scroll of poison.
   882 | D:2      | Reached XP level 3. HP: 29/29 MP: 3/3
  1329 | D:2      | Reached skill level 4 in Ranged Weapons
  1569 | D:2      | 1569 ||| UPGRADING to +0 leather armour.
  1579 | D:2      | 1579 ||| DROPPING +0 robe.
  1580 | D:2      | 1580 ||| READING scroll labelled WUOSI HUIN.
  1581 | D:2      | 1581 ||| DRINKING 2 pink potions.
  1582 | D:2      | 1582 ||| DRINKING 2 ruby potions.
  1648 | D:3      | Reached XP level 4. HP: 12/36 MP: 4/4
  1648 | D:3      | 1648 ||| FLEEEEING.
  1648 | D:3      | HP: 8/36 [something (4)]
  1649 | D:3      | 1649 ||| FLEEEEING.
  1650 | D:3      | 1650 ||| FLEEEEING.
  1651 | D:3      | 1651 ||| FLEEEEING.
  1652 | D:3      | HP: 2/36 [something (2)]
  1653 | D:3      | Slain by an orc wizard

Levels and vault maps discovered:
D:1:      evilmike_arrival_crescent, layout_loops_ring, minmay_hedge_maze
D:2:      layout_basic, st_stairs_2
D:3:      layout_rooms, elyvilon_altar_4, mainiacjoe_overflow_surrounded_room,
          marbit_many_paths

Skill      XL: |  1  2  3 |
---------------+----------+-----
Ranged Weapons | 3 4 |  4.9
Fighting       | 2 |  2.0
Dodging        | |  2.1
Spellcasting   | |  1.0
Hexes          | |  2.0

Action                     |  1- 3 |  4- 6 || total
---------------------------+-------+-------++-------
   Fire: Sling             |   138 |     6 ||   144
    Use: Scroll            |     2 |       ||     2
         Potion            |     2 |       ||     2
 Armour: Robe              |     6 |       ||     6
         Leather armour    |     2 |     1 ||     3
  Dodge: Dodged            |    33 |     2 ||    35

Table legend:
 A = Non-vault XP
 B = Vault XP
 C = Vault XP percentage of total XP
 D = Non-vault monster count
 E = Vault monster count
 F = Vault count percentage of total count
                 A         B        C        D         E       F
            +---------+---------+-------+---------+---------+-------
      Total |     124 |      10 |   7.5 |      45 |       2 |   4.3
            +---------+---------+-------+---------+---------+-------
        D:1 |      38 |       0 |   0.0 |      23 |       0 |   0.0
        D:2 |      29 |      10 |  25.6 |      13 |       2 |  13.3
        D:3 |      57 |       0 |   0.0 |       9 |       0 |   0.0
            +---------+---------+-------+---------+---------+-------
